 Dungeon Crawl Stone Soup version 0.30-a0-622-gddc90eaa04 (webtiles) character file.

Game seed: 3810399966393187975

469 Leeroy the Carver (level 7, -1/50 HPs)
             Began as a Merfolk Gladiator on Jan 10, 2023.
             Constricted to death by Grinder (7 damage)
             ... while paralysed by Grinder
             ... on level 5 of the Dungeon.
             The game lasted 00:04:29 (3745 turns).

Leeroy the Carver (Merfolk Gladiator)               Turns: 3745, Time: 00:04:29

Health: -1/50      AC:  5    Str: 14    XL:     7   Next: 9%
Magic:  7/7        EV: -1    Int:  7    God:
Gold:   67         SH:  0    Dex: 18    Spells: 6/6 levels left

rFire   . . .      SeeInvis .    a - +1 long sword
rCold   . . .      Faith    .    A - +0 buckler
rNeg    . . .      Spirit   .    b - +0 leather armour
rPois   .          Reflect  .    c - +0 helmet
rElec   .          Harm     .    (no cloak)
rCorr   .          Rampage  .    (no gloves)
Will    .....                    m - +0 pair of boots
Stlth   +                        (no amulet)
HPRegen 0.28/turn                p - +5 ring of evasion
MPRegen 0.10/turn                v - ring of flight

@: paralysed, grasped by roots, flying, constricted
A: (nimble swimmer 2), mertail
a: no special abilities


You were on level 5 of the Dungeon.
You visited 1 branch of the dungeon, and saw 5 of its levels.

You collected 235 gold pieces.
You spent 168 gold pieces at shops.

Inventory:

Hand Weapons
 a - a +1 long sword (weapon)
 F - a +1 dagger of holy wrath
Missiles
 d - 3 throwing nets (quivered)
 e - a javelin
 x - 22 poisoned darts
Armour
 b - a +0 leather armour (worn)
 c - a +0 helmet (worn)
 i - a +1 hat
 m - a +0 pair of boots (worn)
 A - a +0 buckler (worn)
Jewellery
 p - a +5 ring of evasion (left hand)
 v - a ring of flight (right hand)
Scrolls
 f - 2 scrolls of fear {unknown}
 h - 2 scrolls of amnesia {unknown}
 j - 2 scrolls of noise
 k - a scroll of torment {unknown}
 l - 3 scrolls of identify {unknown}
 o - a scroll of summoning {unknown}
 s - a scroll of brand weapon {unknown}
 t - 3 scrolls of enchant weapon
 u - a scroll of fog {unknown}
 w - a scroll of poison {unknown}
 y - 3 scrolls of teleportation {unknown}
 z - a scroll of magic mapping {unknown}
 B - 2 scrolls of silence {unknown}
Potions
 g - a potion of haste
 n - a potion of attraction
 q - a potion of resistance {unknown}
 r - a potion of brilliance {unknown}
 C - a potion of curing
 D - a potion of berserk rage
 E - a potion of might


   Skills:
 - Level 2.1 Fighting
 + Level 9.4 Long Blades
 - Level 2.0 Throwing
 - Level 4.0 Dodging


You had 6 spell levels left.
You didn't know any spells.
Your spell library contained the following spells:

 Spells                   Type           Power      Damage    Failure   Level
 Apportation              Tloc           0%         N/A       63%         1
 Beastly Appendage        Tmut           0%         N/A       63%         1
 Foxfire                  Conj/Fire      0%         2x1d4     63%         1
 Necrotise                Necr           0%         1d4       63%         1
 Summon Small Mammal      Summ           0%         N/A       63%         1
 Cigotuvi's Dreadful Rot  Necr/Pois/Air  0%         N/A       77%         2
 Poisonous Vapours        Pois/Air       0%         N/A       77%         2
 Wereblood                Tmut           0%         N/A       77%         2
 Mephitic Cloud           Conj/Pois/Air  0%         N/A       94%         3
 Spider Form              Tmut/Pois      0%         N/A       94%         3
 Vampiric Draining        Necr           0%         2d6       94%         3
 Summon Lightning Spire   Summ/Air       0%         N/A       100%        4
 Agony                    Necr           0%         N/A       100%        5
 Fireball                 Conj/Fire      0%         3d3       100%        5
 Starburst                Conj/Fire      0%         6d3       100%        6
 Storm Form               Tmut/Air       0%         N/A       100%        7
 Maxwell's Capacitive Co  Air            0%         ∞         100%        8


Dungeon Overview and Level Annotations

Branches:
Dungeon (5/15)
 Temple: D:4-7

Altars:

Shops:
D:4 !

Annotations:
D:5 Grinder


Innate Abilities, Weirdness & Mutations

((You are very nimble when in or above water. (Stealth+, EV+, Speed+++)))
Your lower body shifts to a powerful aquatic tail in water.


Message History

Grinder is moderately wounded.
Grinder gestures at you. Pain shoots through your body!
You slash Grinder!
Grinder is severely wounded.
Grinder completely misses you.
Okay, then.
You hit Grinder but do no damage.
Grinder is severely wounded.
Grinder completely misses you.
You hit Grinder.
Grinder is almost dead.
Grinder zaps a wand.
The roots erupt in riotous growth!
The grasping roots grab you!
Grinder is unaffected.
The grasping roots constrict you.
You hit Grinder but do no damage.
Grinder is almost dead.
You block Grinder's attack. The grasping roots constrict you!
* * * LOW HITPOINT WARNING * * *
You closely miss Grinder.
Grinder is almost dead.
Grinder closely misses you. The grasping roots constrict you!
* * * LOW HITPOINT WARNING * * *
You feel better.
A black bear comes into view.
Grinder gestures at you. Pain shoots through your body!
* * * LOW HITPOINT WARNING * * *
The grasping roots constrict you.
* * * LOW HITPOINT WARNING * * *
The grasping roots release their grip on you.
You closely miss Grinder.
Grinder is almost dead.
The black bear growls angrily.
Grinder gestures at you.
You suddenly lose the ability to move!
Grinder zaps a wand.
The roots erupt in riotous growth!
The grasping roots grab you!
Grinder is unaffected.
The grasping roots constrict you!
You die...

..# #.# #.# #.#
#^##.# ###.##
#...... #....
...... #.#.#
###....
#.#<###....# ###
#.#@##.....# #..
#..)5h.....# #.#
###†##.....# #.#
#.###....# #.#
#......#.# ###.#
######.#.#####..o.
#.#.......#.#
#.#########.# ...
#.#


You could see Grinder and a black bear.

Vanquished Creatures
  A kobold brigand (D:3)
  A scorpion (D:4)
  A howler monkey (D:3)
  2 hounds (D:4)
  A jelly (D:5)
  Jessica (D:3)
  A gnoll (D:4)
  5 adders
  2 worms
  4 dart slugs
  12 orcs
  4 endoplasms
  2 giant cockroaches
  7 goblins
  10 hobgoblins
  2 quokkas (D:1)
  5 ball pythons
  8 bats
  A frilled lizard (D:1)
  13 kobolds
  3 rats
86 creatures vanquished.

Vanquished Creatures (others)
  An orc wizard (D:5)
1 creature vanquished.

Grand Total: 87 creatures vanquished

Notes
Turn   | Place    | Note
-------+----------+-------------------------------------------
     0 | D:1      | Leeroy the Merfolk Gladiator began the quest for the Orb.
     0 | D:1      | Reached XP level 1. HP: 16/16 MP: 1/1
    95 | D:1      | Reached skill level 4 in Long Blades
   170 | D:1      | Reached XP level 2. HP: 22/22 MP: 2/2
   814 | D:2      | Reached skill level 5 in Long Blades
   814 | D:2      | Reached XP level 3. HP: 27/27 MP: 3/3
  1548 | D:2      | Reached XP level 4. HP: 33/33 MP: 4/4
  1842 | D:3      | Noticed Jessica
  1848 | D:3      | Killed Jessica
  1849 | D:3      | Reached skill level 6 in Long Blades
  2075 | D:3      | Reached XP level 5. HP: 38/38 MP: 5/5
  2269 | D:3      | Noticed a kobold brigand
  2379 | D:3      | Reached skill level 7 in Long Blades
  2384 | D:3      | Killed a kobold brigand
  2684 | D:3      | Reached XP level 6. HP: 44/44 MP: 6/6
  2808 | D:3      | Reached skill level 8 in Long Blades
  3308 | D:4      | Found Muamy's Distillery.
  3314 | D:4      | Bought a potion of berserk rage for 70 gold pieces
  3314 | D:4      | Bought a potion of curing for 42 gold pieces
  3314 | D:4      | Bought a potion of might for 56 gold pieces
  3566 | D:5      | Entered Level 5 of the Dungeon
  3613 | D:5      | Noticed Grinder
  3646 | D:5      | Reached skill level 9 in Long Blades
  3677 | D:4      | Reached XP level 7. HP: 41/50 MP: 7/7
  3744 | D:5      | Paralysed by Grinder for 3 turns
  3745 | D:5      | Constricted to death by Grinder

Illustrated notes

Levels and vault maps discovered:
D:1:      mrwooster_arrival_statue_3, layout_loops_ring, serial_glass,
          glass_columns_b, glass_columns_a
D:2:      layout_loops_corners, grunt_ministairs_14, minmay_pentomino_z4
D:3:      cheibrodos_thug_alley, layout_basic, minmay_strange_pillars,
          uniq_jessica
D:4:      layout_gridville, serial_shops, shop, cheibrodos_gnoll_hut
D:5:      layout_loops_ring, minmay_temple_entry_offerings,
          kennysheep_crisscross, uniq_grinder

Skill      XL: |  1  2  3  4  5  6 |
---------------+-------------------+-----
Long Blades    | 4 5 6 7 9 |  9.4
Fighting       | |  2.1
Throwing       | |  2.0
Dodging        | |  4.0

Action                   |  1- 3 |  4- 6 |  7- 9 || total
-------------------------+-------+-------+-------++-------
Melee: Long sword        |   115 |   154 |    18 ||   287
       Punch             |       |     1 |       ||     1
  Use: Potion            |       |     4 |     1 ||     5
       Scroll            |       |     2 |       ||     2
 Stab: Sleeping          |     3 |     4 |       ||     7
Armor: Leather armour    |    25 |    27 |     1 ||    53
Dodge: Dodged            |    84 |   132 |     5 ||   221
Block: Buckler           |       |    21 |     4 ||    25

Table legend: (Time is in decaauts)
 A = Elapsed time spent in this place.
 B = Non-inter-level travel time spent in this place.
 C = Inter-level travel time spent in this place.
 D = Time resting spent in this place.
 E = Time spent auto-exploring this place.
 F = Levels seen in this place.
 G = Mean time per level.
                   A        B        C        D        E       F      G
               +--------+--------+--------+--------+--------+-----+--------+
         Total |   3756 |   3639 |    117 |    102 |   2853 |   5 |  751.2 |
       Dungeon |   3756 |   3639 |    117 |    102 |   2853 |   5 |  751.2 |
               +--------+--------+--------+--------+--------+-----+--------+

Top non-repeatable levels by time:
     D:3: 1174 daAuts
     D:2: 1005 daAuts
     D:1: 806 daAuts
     D:4: 657 daAuts
     D:5: 113 daAuts
